 Dungeon Crawl Stone Soup version 0.26.1-2-gb8aa6d0cf2 (webtiles) character file.

Game seed: 18015459197408350674

22 jmmainvi the Sneak (level 2, -3/13 HPs)
             Began as a Spriggan Enchanter on Feb 13, 2021.
             Was an Initiate of Nemelex Xobeh.
             Killed from afar by a dart slug (6 damage)
             ... with a slug dart
             ... on level 1 of the Dungeon.
             The game lasted 00:02:56 (975 turns).

jmmainvi the Sneak (Spriggan Enchanter)              Turns: 975, Time: 00:02:56

Health: -3/13      AC:  2    Str:  4    XL:     2   Next: 68%
Magic:  5/6        EV: 18    Int: 16    God:    Nemelex Xobeh [......]
Gold:   66         SH:  0    Dex: 16    Spells: 5/6 levels left

rFire    . . .     SeeInvis +   a - +1 dagger
rCold    . . .     Faith    .   (shield restricted)
rNeg     . . .     Spirit   .   b - +0 robe
rPois    .         Reflect  .   (helmet restricted)
rElec    .         Harm     .   (no cloak)
rCorr    .         Rampage  .   (gloves unavailable)
Will     .....                  (boots unavailable)
Stlth    +++.......             (no amulet)
HPRegen  0.04/turn              (no ring)
MPRegen  0.10/turn              (no ring)

@: very quick
A: very small, unfitting armour, see invisible, speed 3
a: Renounce Religion, Draw Escape, Draw Destruction, Draw Summoning


You were on level 1 of the Dungeon.
You worshipped Nemelex Xobeh.
Nemelex Xobeh was noncommittal.
You visited 1 branch of the dungeon, and saw 1 of its levels.

You collected 66 gold pieces.

Inventory:

Hand Weapons
 a - a +1 dagger (weapon)
Armour
 b - a +0 robe (worn)
 d - a +0 buckler
Scrolls
 g - 2 scrolls of identify {unknown}
 h - a scroll of remove curse {unknown}
Potions
 c - a potion of heal wounds {unknown}
 e - a potion of invisibility {unknown}
 f - 2 potions of curing {unknown}
 i - a potion of cancellation {unknown}


   Skills:
 - Level 1.1 Short Blades
 - Level 3.0 Dodging
 * Level 5.5 Stealth
 - Level 2.6 Spellcasting
 + Level 4.0 Hexes
 + Level 0.4 Invocations


You had 5 spell levels left.
You knew the following spells:

 Your Spells              Type           Power        Failure   Level
a - Corona                Hex            16%          3%          1

Your spell library contained the following spells:

 Spells                   Type           Power        Failure   Level
 Confusing Touch          Hex            15%          11%         3
 Tukima's Dance           Hex            15%          11%         3
 Ensorcelled Hibernation  Hex/Ice        16%          13%         2
 Dazzling Flash           Conj/Hex       16%          26%         3


Dungeon Overview and Level Annotations

Branches:
Dungeon (1/15)

Altars:
Nemelex Xobeh


Innate Abilities, Weirdness & Mutations

You are very small and have problems with some larger weapons.
You are too small for most types of armour.
You have supernaturally acute eyesight. (SInv)
You cover ground extremely quickly.


Message History

Aim: a kobold, wielding a +0 short sword (chance to affect: 69%)
The kobold is outlined in light.
The kobold hits you with a +0 short sword.
You hit the kobold but do no damage. The kobold closely misses you.
You barely miss the kobold. The kobold barely misses you.
You barely miss the kobold.
The kobold hits you with a +0 short sword.
You barely miss the kobold. The kobold misses you.
You hit the kobold.
The kobold is severely wounded.
The kobold hits you with a +0 short sword.
You hit the kobold.
You kill the kobold!
The dart slug launches a dart at you. The slug dart hits you.
* * * LOW HITPOINT WARNING * * *
The dart slug launches a dart at you. The slug dart hits you.
You die...
Your body disappears without a glow.

..l.l.....#.###.##......#........
.#.####.#...# #.#####.#.#........
.#.# #.##..###.# #...#'.......
.#.. #.##..##..# #...###......
.##.. ..##..##.## ##....†##.....
.# #.#.#....##.#####..#.##.##....
.# .......................####.#
g# ........##.####..##.##.##.#.#
.. ............@...#............
.........)#.##....#.##.......
................###..........
.......w...##.### ##.........
......## #.# #......... ..$...
..# #......... ......
#.########.....(... ......
#.###...[......(... ...
#.....###..........


You could see a dart slug.

Vanquished Creatures
  3 leopard geckos (D:1)
  A bat (D:1)
  2 goblins (D:1)
  2 hobgoblins (D:1)
  4 jackals (D:1)
  A frilled lizard (D:1)
  2 kobolds (D:1)
  2 rats (D:1)
17 creatures vanquished.

Notes
Turn   | Place    | Note
-------+----------+-------------------------------------------
     0 | D:1      | jmmainvi the Spriggan Enchanter began the quest for the
                  | Orb.
     0 | D:1      | Reached XP level 1. HP: 9/9 MP: 5/5
   207 | D:1      | Found a sparkling altar of Nemelex Xobeh.
   212 | D:1      | Reached skill level 5 in Stealth
   214 | D:1      | Reached XP level 2. HP: 13/13 MP: 6/6
   339 | D:1      | Became a worshipper of Nemelex Xobeh the Trickster
   975 | D:1      | Killed from afar by a dart slug

Illustrated notes

Levels and vault maps discovered:
D:1:      lemuel_arrival_rhombus, layout_rooms, serial_corexii_hall,
          corexii_hall_statues_i, corexii_hall_statues_i,
          chequers_serial_rivers_micro_b, nemelex_diamond_rough_becter

Skill      XL: |  1  2 |
---------------+-------+-----
Stealth        | 5 |  5.5
Hexes          | 4 |  4.0
Short Blades   | |  1.1
Dodging        | |  3.0
Spellcasting   | |  2.6
Invocations    | |  0.4

Action                   || total
-------------------------++-------
Melee: Dagger            ||    60
 Cast: Corona            ||     9
 Stab: Sleeping          ||     6
Armor: Robe              ||     5
Dodge: Dodged            ||    41
